IL
TOLEDO MUD HENS @ TACOMA RAINIERS
08/16/2047
 
TOP OF THE 1ST
Toledo Mud Hens batting - Pitching for Tacoma Rainiers : RHP Luis Castro
Pitching: RHP Luis Castro
Batting: LHB Frank McConnell 0-0: Ball
1-0: Swinging Strike
1-1: Ball
2-1: Foul Ball, location: 2F
2-2: Foul Ball, location: 2F
2-2: SINGLE (Line Drive, 8LS, EV 95.6 MPH)
Batting: RHB J.J. Basil 0-0: Called Strike
0-1: Fly out, F7 (Flyball, 78D, EV 93.1 MPH)
Batting: SHB Adam Weber 0-0: Ball
Frank McConnell steals 2nd base
1-0: Ball
2-0: Ball
3-0: Base on Balls
Batting: RHB Dan Becvar 0-0: Ball
1-0: Swinging Strike
1-1: Foul Ball, location: 2F
1-2: Ball
2-2: Ball
3-2: Fly out, F7 (Flyball, 78D, EV 100.0 MPH)
Runner from 2nd tags up, SAFE at 3rd with throw by LF
Batting: RHB Brandon O'Malley 0-0: Called Strike
Adam Weber steals 2nd base
0-1: Swinging Strike
0-2: Foul Ball, location: 2F
0-2: Foul Ball, location: 2F
0-2: Ball
1-2: Foul Ball, location: 2F
1-2: Ball
2-2: Ball
3-2: Fly out, F6 (Popup, 6D, EV 55.0 MPH)
Top of the 1st over - 0 runs, 1 hit, 0 errors, 2 left on base; Toledo 0 - Tacoma 0
BOTTOM OF THE 1ST
Tacoma Rainiers batting - Pitching for Toledo Mud Hens : RHP Ruben Arana
Pitching: RHP Ruben Arana
Batting: RHB Brad Robidas 0-0: Ball
1-0: Ball
2-0: Bunt for hit to 23 - play at first, batter safe!
Batting: LHB Jawad Fahad 0-0: Called Strike
0-1: Foul Ball, location: 2F
0-2: Fielders Choice at 2nd, 5-4 (Groundball, 56, EV 88.1 MPH)
Batting: LHB Josh Pittman 0-0: Ball
1-0: Ball
2-0: Ball
3-0: Called Strike
3-1: Fly out, F7 (Flyball, 78M, EV 95.0 MPH)
Batting: LHB Ryan Lowe 0-0: Fly out, F9 (Flyball, 89S, EV 75.6 MPH)
Bottom of the 1st over - 0 runs, 1 hit, 0 errors, 1 left on base; Toledo 0 - Tacoma 0
TOP OF THE 2ND
Toledo Mud Hens batting - Pitching for Tacoma Rainiers : RHP Luis Castro
Batting: RHB Joel Miller 0-0: Swinging Strike
0-1: DOUBLE (Line Drive, 89D, EV 105.6 MPH)
Batting: RHB Aaron Cusick 0-0: Called Strike
0-1: Ball
1-1: Ball
2-1: Foul Ball, location: 2F
2-2: Foul Ball, location: 2F
2-2: Foul Ball, location: 2F
2-2: Fly out, F9 (Flyball, 89M, EV 96.9 MPH)
Batting: RHB Keith Hoffman 0-0: Ball
1-0: Ball
2-0: Fly out, F9 (Flyball, 9LM, EV 91.2 MPH)
Batting: SHB Scott Bartholomew 0-0: Called Strike
0-1: Ball
1-1: Ball
2-1: Ball
3-1: Called Strike
3-2: Fly out, F8 (Flyball, 8RD, EV 95.6 MPH)
Top of the 2nd over - 0 runs, 1 hit, 0 errors, 1 left on base; Toledo 0 - Tacoma 0
BOTTOM OF THE 2ND
Tacoma Rainiers batting - Pitching for Toledo Mud Hens : RHP Ruben Arana
Batting: RHB Josh Ruhl 0-0: Called Strike
0-1: Foul Ball, location: 2F
0-2: Ball
1-2: Foul Ball, location: 2F
1-2: Ball
2-2: Fly out, F7 (Flyball, 7D, EV 98.1 MPH)
Batting: RHB Rick Ellis 0-0: Called Strike
0-1: Ball
1-1: Called Strike
1-2: Strikes out swinging
Batting: RHB Max Schellekens 0-0: Ball
1-0: Ground out U3 (Groundball, 3, EV 105.6 MPH)
Bottom of the 2nd over - 0 runs, 0 hits, 0 errors, 0 left on base; Toledo 0 - Tacoma 0
TOP OF THE 3RD
Toledo Mud Hens batting - Pitching for Tacoma Rainiers : RHP Luis Castro
Batting: LHB Frank McConnell 0-0: Called Strike
0-1: Swinging Strike
0-2: Foul Ball, location: 2F
0-2: Foul Ball, location: 2F
0-2: Ball
1-2: Foul Ball, location: 2F
1-2: Ground out U3 (Groundball, 34S, EV 89.4 MPH)
Batting: RHB J.J. Basil 0-0: Ball
1-0: SINGLE (Line Drive, 4M, EV 96.2 MPH)
Batting: SHB Adam Weber 0-0: Ball
1-0: Ball
2-0: Called Strike
J.J. Basil steals 2nd base
2-1: Foul Ball, location: 2F
2-2: Strikes out looking
Batting: RHB Dan Becvar 0-0: Foul Ball, location: 2F
0-1: Ball
1-1: Called Strike
1-2: Ball
2-2: Foul Ball, location: 2F
2-2: Ground out 4-3 (Groundball, 4, EV 84.4 MPH)
Top of the 3rd over - 0 runs, 1 hit, 0 errors, 1 left on base; Toledo 0 - Tacoma 0
BOTTOM OF THE 3RD
Tacoma Rainiers batting - Pitching for Toledo Mud Hens : RHP Ruben Arana
Batting: RHB Bill Vives 0-0: Foul Ball, location: 2F
0-1: Swinging Strike
0-2: Hit by Pitch
Batting: RHB Kagetoki Kawai 0-0: Ball
1-0: Called Strike
1-1: Ball
2-1: Swinging Strike
2-2: Ball
3-2: Strikes out swinging
Batting: RHB Brad Robidas 0-0: Called Strike
0-1: Ground out 5-3 (Groundball, 56S, EV 66.9 MPH)
Bill Vives to second
Batting: LHB Jawad Fahad 0-0: Ball
1-0: Ball
2-0: Swinging Strike
2-1: Foul Ball, location: 2F
2-2: Strikes out swinging
Bottom of the 3rd over - 0 runs, 0 hits, 0 errors, 1 left on base; Toledo 0 - Tacoma 0
TOP OF THE 4TH
Toledo Mud Hens batting - Pitching for Tacoma Rainiers : RHP Luis Castro
Batting: RHB Brandon O'Malley 0-0: Ball
1-0: Fly out, F7 (Flyball, 7D, EV 102.5 MPH)
Batting: RHB Joel Miller 0-0: Ball
1-0: Ball
2-0: Ground out 6-3 (Groundball, 6, EV 79.4 MPH)
Batting: RHB Aaron Cusick 0-0: Fly out, F7 (Flyball, 7LD, EV 98.1 MPH)
Top of the 4th over - 0 runs, 0 hits, 0 errors, 0 left on base; Toledo 0 - Tacoma 0
BOTTOM OF THE 4TH
Tacoma Rainiers batting - Pitching for Toledo Mud Hens : RHP Ruben Arana
Batting: LHB Josh Pittman 0-0: Called Strike
0-1: Ball
1-1: Ground out 4-3 (Groundball, 4, EV 86.9 MPH)
Batting: LHB Ryan Lowe 0-0: Ball
1-0: Fly out, F7 (Flyball, 78M, EV 80.0 MPH)
Batting: RHB Josh Ruhl 0-0: Called Strike
0-1: Ball
1-1: Foul Ball, location: 2F
1-2: Ball
2-2: Ball
3-2: Ground out 4-3 (Groundball, 4M, EV 108.1 MPH)
Bottom of the 4th over - 0 runs, 0 hits, 0 errors, 0 left on base; Toledo 0 - Tacoma 0
TOP OF THE 5TH
Toledo Mud Hens batting - Pitching for Tacoma Rainiers : RHP Luis Castro
Batting: RHB Keith Hoffman 0-0: Ball
1-0: Ball
2-0: Ball
3-0: Called Strike
3-1: Called Strike
3-2: SINGLE (Flyball, 56D, EV 93.1 MPH)
Batting: SHB Scott Bartholomew 0-0: Called Strike
0-1: Foul Ball, location: 2F
0-2: Strikes out swinging
Batting: LHB Frank McConnell 0-0: Called Strike
0-1: Swinging Strike
0-2: Strikes out swinging
Batting: RHB J.J. Basil 0-0: Called Strike
0-1: Foul Ball, location: 2F
0-2: Ball
1-2: Ball
2-2: Strikes out swinging
Top of the 5th over - 0 runs, 1 hit, 0 errors, 1 left on base; Toledo 0 - Tacoma 0
BOTTOM OF THE 5TH
Tacoma Rainiers batting - Pitching for Toledo Mud Hens : RHP Ruben Arana
Batting: RHB Rick Ellis 0-0: Ball
1-0: SINGLE (Line Drive, 8LS, EV 108.1 MPH)
Batting: RHB Max Schellekens 0-0: Ball
1-0: Ball
2-0: Ball
3-0: Called Strike
3-1: Grounds into double play, 4-6-3 (Groundball, 4MD, EV 99.4 MPH)
Batting: RHB Bill Vives 0-0: Ball
1-0: Ground out 4-3 (Groundball, 4, EV 79.4 MPH)
Bottom of the 5th over - 0 runs, 1 hit, 0 errors, 0 left on base; Toledo 0 - Tacoma 0
TOP OF THE 6TH
Toledo Mud Hens batting - Pitching for Tacoma Rainiers : RHP Luis Castro
Batting: SHB Adam Weber 0-0: Ball
1-0: Called Strike
1-1: Fly out, F5 (Popup, 5D, EV 71.2 MPH)
Batting: RHB Dan Becvar 0-0: Called Strike
0-1: Ball
1-1: Called Strike
1-2: Ball
2-2: Ball
3-2: Foul Ball, location: 2F
3-2: Ground out 4-3 (Groundball, 4, EV 78.8 MPH)
Batting: RHB Brandon O'Malley 0-0: Ball
1-0: Ball
2-0: Ground out 6-3 (Groundball, 6, EV 79.4 MPH)
Top of the 6th over - 0 runs, 0 hits, 0 errors, 0 left on base; Toledo 0 - Tacoma 0
BOTTOM OF THE 6TH
Tacoma Rainiers batting - Pitching for Toledo Mud Hens : RHP Ruben Arana
Batting: RHB Kagetoki Kawai 0-0: Ball
1-0: Fly out, F4 (Popup, 4, EV 81.2 MPH)
Batting: RHB Brad Robidas 0-0: Swinging Strike
0-1: Ball
1-1: SINGLE (Line Drive, 9S, EV 101.9 MPH)
Batting: LHB Jawad Fahad 0-0: Ball
Brad Robidas steals 2nd base
1-0: Called Strike
1-1: Ball
2-1: Foul Ball, location: 2F
2-2: Ball
3-2: Foul Ball, location: 2F
3-2: Foul Ball, location: 2F
3-2: Base on Balls
Batting: LHB Josh Pittman 0-0: Called Strike
0-1: Foul Ball, location: 2F
0-2: Foul Ball, location: 2F
0-2: Ball
1-2: Hit by Pitch
Brad Robidas to third
Jawad Fahad to second
Batting: LHB Ryan Lowe 0-0: Ball
1-0: Called Strike
1-1: Ball
2-1: Ball
3-1: Base on Balls
Brad Robidas scores
Jawad Fahad to third
Josh Pittman to second
Batting: RHB Josh Ruhl 0-0: Swinging Strike
0-1: Ball
1-1: Foul Ball, location: 2F
1-2: Strikes out swinging
Batting: RHB Rick Ellis 0-0: Ball
1-0: Ball
2-0: Foul Ball, location: 2F
2-1: Foul Ball, location: 2F
2-2: Hit by Pitch
Jawad Fahad scores
Josh Pittman to third
Ryan Lowe to second
Batting: RHB Max Schellekens 0-0: Called Strike
0-1: Called Strike
0-2: Foul Ball, location: 2F
0-2: Foul Ball, location: 2F
0-2: Ball
1-2: Ball
2-2: Foul Ball, location: 2F
2-2: SINGLE (Line Drive, 89M, EV 98.8 MPH)
Josh Pittman scores
Ryan Lowe to third
Rick Ellis to second
Runner from 3rd tries for Home, SAFE, throw by CF to home
Batting: RHB Bill Vives 0-0: Called Strike
0-1: Ball
1-1: SINGLE (Groundball, 56S, EV 96.2 MPH)
Rick Ellis to third
Max Schellekens to second
Runner from 3rd tries for Home, SAFE, throw by LF to home
Pitching: RHP Kevin Hockenbury
Batting: RHB Kagetoki Kawai 0-0: Ball
1-0: Foul Ball, location: 2F
1-1: Called Strike
1-2: Foul Ball, location: 2F
1-2: Foul Ball, location: 2F
1-2: Foul Ball, location: 2F
1-2: Ball
2-2: Strikes out looking
Bottom of the 6th over - 5 runs, 3 hits, 0 errors, 2 left on base; Toledo 0 - Tacoma 5
TOP OF THE 7TH
Toledo Mud Hens batting - Pitching for Tacoma Rainiers : RHP Luis Castro
Pitching: RHP Kurt Loscalzo
Batting: RHB Joel Miller 0-0: Ball
1-0: Ball
2-0: Ball
3-0: Called Strike
3-1: Foul Ball, location: 2F
3-2: Strikes out swinging
Batting: RHB Aaron Cusick 0-0: Ball
1-0: Swinging Strike
1-1: Foul Ball, location: 2F
1-2: Fly out, F6 (Line Drive, 6, EV 66.2 MPH)
Batting: RHB Keith Hoffman 0-0: Swinging Strike
0-1: Foul Ball, location: 2F
0-2: Foul Ball, location: 2F
0-2: Ball
1-2: Ball
2-2: Ball
3-2: Ground out 3-1 (Groundball, 34S, EV 83.8 MPH)
Top of the 7th over - 0 runs, 0 hits, 0 errors, 0 left on base; Toledo 0 - Tacoma 5
BOTTOM OF THE 7TH
Tacoma Rainiers batting - Pitching for Toledo Mud Hens : RHP Kevin Hockenbury
Batting: RHB Brad Robidas 0-0: Foul Ball, location: 2F
0-1: Called Strike
0-2: Ball
1-2: Ball
2-2: Ground out 6-3 (Groundball, 6, EV 100.0 MPH)
Batting: LHB Jawad Fahad 0-0: Swinging Strike
0-1: Ball
1-1: Ball
2-1: Foul Ball, location: 2F
2-2: Ground out 5-3 (Groundball, 5, EV 90.6 MPH)
Batting: LHB Josh Pittman 0-0: Ball
1-0: Ball
2-0: Ball
3-0: Called Strike
3-1: Foul Ball, location: 2F
3-2: Ground out 6-3 (Groundball, 6, EV 88.8 MPH)
Bottom of the 7th over - 0 runs, 0 hits, 0 errors, 0 left on base; Toledo 0 - Tacoma 5
TOP OF THE 8TH
Toledo Mud Hens batting - Pitching for Tacoma Rainiers : RHP Kurt Loscalzo
Batting: SHB Scott Bartholomew 0-0: Called Strike
0-1: Ball
1-1: Swinging Strike
1-2: Ball
2-2: Ball
3-2: Ground out 4-3 (Groundball, 4, EV 100.6 MPH)
Batting: LHB Frank McConnell 0-0: Called Strike
0-1: Ball
1-1: Foul Ball, location: 2F
1-2: Fly out, F9 (Flyball, 9D, EV 87.5 MPH)
Batting: RHB J.J. Basil 0-0: Called Strike
0-1: Swinging Strike
0-2: Strikes out looking
Top of the 8th over - 0 runs, 0 hits, 0 errors, 0 left on base; Toledo 0 - Tacoma 5
BOTTOM OF THE 8TH
Tacoma Rainiers batting - Pitching for Toledo Mud Hens : RHP Kevin Hockenbury
Batting: LHB Ryan Lowe 0-0: Ground out 3-1 (Groundball, 34, EV 81.9 MPH)
Batting: RHB Josh Ruhl 0-0: Foul Ball, location: 2F
0-1: Foul Ball, location: 2F
0-2: Foul Ball, location: 2F
0-2: Ground out 6-3 (Groundball, 56, EV 83.8 MPH)
Batting: RHB Rick Ellis 0-0: Ball
1-0: SINGLE (Groundball, 56D, EV 94.4 MPH)
Batting: RHB Max Schellekens 0-0: Ball
1-0: Foul Ball, location: 2F
1-1: Ball
2-1: Foul Ball, location: 2F
2-2: Strikes out swinging
Bottom of the 8th over - 0 runs, 1 hit, 0 errors, 1 left on base; Toledo 0 - Tacoma 5
TOP OF THE 9TH
Toledo Mud Hens batting - Pitching for Tacoma Rainiers : RHP Kurt Loscalzo
Batting: SHB Adam Weber 0-0: Fly out, F8 (Flyball, 8RD, EV 96.2 MPH)
Batting: RHB Dan Becvar 0-0: Swinging Strike
0-1: DOUBLE (Line Drive, 89D, EV 115.0 MPH)
Batting: RHB Brandon O'Malley 0-0: Called Strike
0-1: SINGLE (Line Drive, 3D, EV 101.2 MPH)
Dan Becvar to third
Batting: LHB Conrad Taylor 0-0: Ball
1-0: Ball
2-0: Ball
3-0: Called Strike
3-1: Foul Ball, location: 2F
3-2: Strikes out swinging
Pinch Hitting: LHB Jon Frederick 0-0: Ball
1-0: Ground out U3 (Groundball, 3, EV 86.9 MPH)
Top of the 9th over - 0 runs, 2 hits, 0 errors, 2 left on base; Toledo 0 - Tacoma 5
Thursday, December 15th , 2022 - OOTP Baseball 23.9 Build 102